 Dungeon Crawl Stone Soup version 0.30.1-11-g7821555f0a (webtiles) character file.

Game seed: 6788867328177411773

12 porpoise the Shooter (level 2, -2/25 HPs)
             Began as a Minotaur Hunter on Jan 3, 2024.
             Slain by a gnoll
             ... wielding a +0 club
              (6 damage)
             ... on level 1 of the Dungeon.
             The game lasted 00:00:44 (230 turns).

porpoise the Shooter (Minotaur Hunter)               Turns: 230, Time: 00:00:44

Health: -2/25      AC:  3    Str: 15    XL:     2   Next: 20%
Magic:  1/1        EV:  9    Int:  6    God:
Gold:   31         SH:  0    Dex: 13    Spells: 1/1 levels left

rFire   . . .        a - +0 shortbow
rCold   . . .        (shield currently unavailable)
rNeg    . . .        c - +0 leather armour
rPois   +            (helmet restricted)
rElec   .            (no cloak)
rCorr   .            (no gloves)
SInv    .            (no boots)
Will    .....        (no amulet)
Stlth   +            e - ring of poison resistance
HPRegen 0.24/turn    (no ring)
MPRegen 0.07/turn

%: no passive effects
@: constricted
A: horns 2, retaliatory headbutt
a: no special abilities


You were on level 1 of the Dungeon.
You visited 1 branch of the dungeon, and saw 1 of its levels.

You collected 31 gold pieces.

Inventory:

Hand Weapons
 a - a +0 shortbow (weapon)
Armour
 c - a +0 leather armour (worn)
Jewellery
 e - a ring of poison resistance (left hand)
Scrolls
 b - a scroll of immolation
 d - 2 scrolls of identify {unknown}


   Skills:
 + Level 2.7 Fighting
 * Level 4.7 Ranged Weapons
 + Level 1.0 Armour
 - Level 2.1 Dodging
 - Level 0.7 Stealth


You had one spell level left.
You didn't know any spells.
Your spell library was empty.

Dungeon Overview and Level Annotations

Branches:
Dungeon (1/15)

Altars:


Innate Abilities, Weirdness & Mutations

You have a pair of horns on your head.
You reflexively headbutt those who attack you in melee.


Message History

You shoot an arrow. The arrow hits the goblin.
You kill the goblin!
You have reached level 2!
You shoot an arrow. The arrow barely misses the gnoll.
The arrow hits the frilled lizard.
You kill the frilled lizard!
The gnoll hits you with a +0 club. The hobgoblin hits you.
The gnoll completely misses you.
You shoot an arrow. The arrow closely misses the gnoll.
The arrow hits the goblin.
You kill the goblin!
The hobgoblin barely misses you. The gnoll hits you with a +0 club.
Your Armour skill increases to level 1!
You shoot an arrow. The arrow closely misses the gnoll.
The hobgoblin barely misses you. You furiously retaliate!
You headbutt the hobgoblin.
You kill the hobgoblin!
The gnoll hits you with a +0 club.
You shoot an arrow.
The arrow hits the gnoll but does no damage.
The ball python completely misses you. The ball python grabs you.
The ball python constricts you. The gnoll hits you with a +0 club.
The ball python closely misses you. The ball python constricts you.
The gnoll hits you with a +0 club.
You shoot an arrow. The arrow hits the gnoll.
The gnoll is lightly wounded.
The ball python bites you. The ball python constricts you.
The gnoll completely misses you. You furiously retaliate!
You headbutt the gnoll! You shoot an arrow. The arrow closely misses the gnoll.
The ball python bites you but does no damage.
The ball python constricts you. The gnoll hits you with a +0 club!
* * * LOW HITPOINT WARNING * * *
The ball python bites you.
* * * LOW HITPOINT WARNING * * *
The ball python constricts you.
You shoot an arrow. The arrow completely misses the gnoll.
The ball python closely misses you. The ball python constricts you.
The gnoll hits you with a +0 club.
You die...

###.# #...# .... #.###
... #.# ... #.# ..#
#.# #.# #.# #.# ## #.#
#S# .. #.## #@# .##
#..# #.# #g# ..# ##.#
#.#####)##.# #.#
#......†#..##... #.#
##.###............ #)#
#.......##...#.#.#
##.## #..#...#...l..##
##...###.....#.##g..##
#.....##....#.#.......


You could see a gnoll and a ball python.

Vanquished Creatures
  2 ball pythons (D:1)
  An endoplasm (D:1)
  3 goblins (D:1)
  2 hobgoblins (D:1)
  A bat (D:1)
  2 frilled lizards (D:1)
11 creatures vanquished.

Notes
Turn   | Place    | Note
-------+----------+-------------------------------------------
     0 | D:1      | porpoise the Minotaur Hunter began the quest for the Orb.
     0 | D:1      | Reached XP level 1. HP: 18/18 MP: 0/0
   224 | D:1      | Reached XP level 2. HP: 25/25 MP: 1/1
   226 | D:1      | Reached skill level 1 in Armour
   230 | D:1      | Slain by a gnoll

Illustrated notes

Levels and vault maps discovered:
D:1:      kennysheep_arrival_seaside, layout_loops_ring,
          shapermc_ecumenical_altar_rom_forum, amethyst_killhole,
          solitary_fountain

Skill      XL: |  1  2 |
---------------+-------+-----
Armour         | 1 |  1.0
Fighting       | |  2.7
Ranged Weapons | |  4.7
Dodging        | |  2.1
Stealth        | |  0.7

Action                     || total
---------------------------++-------
   Fire: Shortbow          ||    25
 Armour: Leather armour    ||     3
  Dodge: Dodged            ||     8
